 Dungeon Crawl Stone Soup version 0.22-a0-348-gd16d139 (webtiles) character file.

284256 grizmgrazm2 the Demonic Disaster (level 20, -4/159 HPs)
             Began as a Demonspawn Gladiator on Apr 7, 2018.
             Was a Believer of Qazlal.
             Killed from afar by a crystal guardian (9 damage)
             ... with a crystal bolt
             ... on level 5 of the Abyss on Apr 8, 2018.
             The game lasted 03:06:38 (42047 turns).

grizmgrazm2 the Demonic Disaster (DsGl)            Turns: 42047, Time: 03:06:39

Health: -4/159     AC: 44    Str: 32 (33) XL:     20   Next: 14%
Magic:  32/32      EV: 13    Int:  8 (10) God:    Qazlal [**....]
Gold:   1329       SH: 13    Dex: 16 (17) Spells: 27/31 levels left

rFire    + . .     SeeInvis +   a - +2 trident (elec)
rCold    + . .     Gourm    .   j - +3 buckler
rNeg     + . .     Faith    +   T - +12 crystal plate armour of Ocosism {MR+ rCorr Str+4}
rPois    .         Spirit   .   (helmet unavailable)
rElec    +         Reflect  .   M - +1 cloak of Starlight {rElec rC+ EV+4 Stlth--}
rCorr    +         Harm     .   x - +2 pair of gloves
MR       ++...                  A - +0 pair of boots of Midwinter {Str+3 Dex+4}
Stlth    ..........             W - amulet of faith
HPRegen  0.00/turn              N - +5 ring of strength
MPRegen  0.23/turn              K - ring of positive energy

@: no status effects
A: antennae 3, thin metallic scales 3, clumsy 1, demonic guardian 2,
deterioration 2, dopey 1, fire resistance 1, inhibited regeneration, spiny 2
}: 1/15 runes: decaying
a: Upheaval, Renounce Religion


You were on level 5 of the Abyss.
You worshipped Qazlal.
Qazlal was pleased with you.
You were not hungry.

You visited 6 branches of the dungeon, and saw 35 of its levels.
You visited the Abyss 1 time.
You also visited: Labyrinth, Sewer, Volcano and Wizlab.

You collected 4200 gold pieces.
You spent 2871 gold pieces at shops.

Inventory:

Hand Weapons
 a - a +2 trident of electrocution (weapon)
 z - a +0 demon trident of venom
 H - a +0 demon trident of flaming
Armour
 j - a +3 buckler (worn)
 x - a +2 pair of gloves (worn)
 A - the +0 pair of boots of Midwinter (worn) {Str+3 Dex+4}
   (You found it on level 9 of the Dungeon)

   It affects your strength (+3).
   It affects your dexterity (+4).
 E - a +2 robe of the Archmagi
 M - the +1 cloak of Starlight (worn) {rElec rC+ EV+4 Stlth--}
   (You bought it in a shop on level 2 of the Orcish Mines)

   It affects your evasion (+4).
   It protects you from cold.
   It insulates you from electricity.
   It makes you much less stealthy.
 T - the +12 crystal plate armour of Ocosism (worn) {MR+ rCorr Str+4}
   (You found it on level 6 of the Lair of Beasts)

   It affects your strength (+4).
   It affects your resistance to hostile enchantments.
   It protects you from acid and corrosion.
Jewellery
 d - an uncursed ring of magical power
 l - a +5 ring of evasion
 m - an uncursed ring of protection from fire
 o - the ring "Qeisusaj" {*Corrode rPois Str-4 Int+8}
   (You found it on level 1 of the Swamp)

   [ring of strength]

   It affects your strength (-4).
   It affects your intelligence (+8).
   It protects you from poison.
   It may corrode you when you take damage.
 v - an uncursed ring of protection from fire
 C - an uncursed amulet of harm
 F - an uncursed ring of ice
 K - a ring of positive energy (right hand)
 N - a +5 ring of strength (left hand)
 P - an uncursed ring of poison resistance
 Q - a +3 ring of protection
 W - an amulet of faith (around neck)
 X - an uncursed ring of protection from cold
 Y - a +2 ring of evasion
Wands
 c - a wand of enslavement (3)
 g - a wand of scattershot (6)
 q - a wand of disintegration (45)
 u - a wand of iceblast (46)
 w - a wand of digging (50)
 y - a wand of acid (30)
 B - a wand of clouds (8)
 D - a wand of polymorph (26)
 I - a wand of paralysis (14)
Scrolls
 e - 11 scrolls of remove curse
 i - 2 scrolls of identify
 k - 2 scrolls of fog
 n - 7 scrolls of amnesia
 r - a scroll of brand weapon
 t - 9 scrolls of teleportation
 O - 3 scrolls of fear
 R - a scroll of magic mapping
 S - 2 scrolls of blinking
 U - 2 scrolls of silence
 V - a scroll of enchant armour
Potions
 b - a potion of magic
 p - a potion of cancellation
 s - 4 potions of invisibility
 G - a potion of brilliance
 J - a potion of agility
 L - a potion of berserk rage
Comestibles
 f - 46 rations


   Skills:
 + Level 14.2 Fighting
   Level 5.6 Long Blades
 + Level 16.2 Polearms
 + Level 2.2 Throwing
 + Level 11.6 Armour
 + Level 5.2 Dodging
 + Level 14.9 Shields
 + Level 6.0 Spellcasting
 * Level 9.7 Translocations
 + Level 7.0 Transmutations
 * Level 17.5 Invocations


You had 27 spell levels left.
You knew the following spells:

 Your Spells              Type           Power        Failure   Level  Hunger
a - Beastly Appendage     Tmut           ##....       24%         1    #......
b - Blink                 Tloc           N/A          12%         2    ##.....
c - Apportation           Tloc           ###...       8%          1    #......


Dungeon Overview and Level Annotations

Branches:
Dungeon (15/15)            Temple (0/1) D:7            Lair (6/6) D:9
  Swamp (4/4) Lair:3        Snake (0/4) Lair:4        Slime (0/5) Lair:6
    Orc (2/2) D:11            Elf (3/3) Orc:2        Vaults (5/5) D:14
  Crypt (0/3) Vaults:3     Depths (0/5) D:15

Altars:
Dithmenos
Elyvilon
Hepliaklqana
Qazlal
Sif Muna
Uskayaw
Xom
Zin
The Shining One
Beogh

Shops:
D:5 :   D:6 [   Orc:2 [(*:   Vaults:2 (   Vaults:3 [=

Portals:
Trove: Elf:2 (give +4 fire dragon scales)


Innate Abilities, Weirdness & Mutations

You have a pair of large antennae on your head. (SInv)
You are completely covered in thin metallic scales. (AC +4, rElec)
A demonic guardian rushes to your aid.
Your flesh is heat resistant. (rF+)
You are mostly covered in sharp spines.
You are clumsy. (Dex -2)
Your body often deteriorates upon taking damage.
You are dopey. (Int -2)
You do not regenerate when monsters are visible.


Message History

Your ice devil dies!
Found a club, a stone and a wand of random effects (44).
You hear a shout!
The cyclops changes into a swamp worm!
The guardian serpent hits you but does no damage.
You block the guardian serpent's attack.
The swamp worm throws harpoon shot at you.
The harpoon shot hits you!
* * * LOW HITPOINT WARNING * * *
You are yanked forward by the harpoon shot.
The swamp worm changes into a mana viper!
You puncture the guardian serpent!
The guardian serpent is severely wounded.
The guardian serpent hits you.
* * * LOW HITPOINT WARNING * * *
The mana viper is struck by your spines.
The mana viper bites you but does no damage.
The crystal guardian fires a crystalline bolt at you.
The crystal bolt burns you! You resist.
You die...

.#.. #≈≈≈≈≈≈≈≈# ..
..... ..≈.#.≈#..# ##
#....#####≈........
........#......§.#...
..≈#..............#
....# ..........###
.......##........#
..........S4#.#.#...
........8@#...#..#...
........S........#..#
........##......#. .#
.....###{##..#.#.#.
#### #{#.#.....# ){
.. #..... / { ....
#.##. { +S .... .# {
{+...φ...


You could see a crystal guardian, a mana viper shaped shifter, a guardian
serpent and a friendly ice devil.

Vanquished Creatures
  the Lernaean hydra (Swamp:4)
  Rupert (Lair:3)
  Jorgrun (Elf:3)
  A hellephant (Abyss:3)
  A deep elf blademaster (Elf:2)
  Asterion (Elf:3)
  2 tengu reavers (Vaults:3)
  A thorn hunter (Swamp:4)
  A storm dragon (Vaults:4)
  5 vault wardens
  2 deep elf sorcerers
  An orc warlord (Orc:1)
  2 entropy weavers
  3 very ugly things (Vaults:4)
  4 stone giants
  8 ironheart preservers
  A deep elf annihilator (Elf:2)
  12 purple draconians (WizLab)
  Azrael (Elf:2)
  An ettin (D:14)
  A deep elf death mage (Elf:1)
  8 statues (WizLab)
  2 fire dragons
  8 ogre magi
  4 great orbs of eyes
  8 yaktaur captains
  4 ice dragons
  19 hydras
  2 rakshasas
  6 vault guards
  20 two-headed ogres
  6 centaur warriors
  The ghost of stickyfingers the Nimble, a journeyman OpSu of Ru (D:7)
  A satyr (Abyss:3)
  13 alligators
  3 death knights
  26 dancing weapons
  A tengu warrior (D:15)
  2 orc high priests
  Urug (Orc:1)
  10 deep elf knights
  A soul eater (Abyss:3)
  29 slime creatures
  8 swamp dragons (Swamp:4)
  2 spriggan druids (Swamp:1)
  4 skeletal warriors (Vaults:1)
  3 deep trolls
  2 shambling mangroves
  3 wizards
  9 unseen horrors
  7 deep elf archers
  2 lindwurms
  11 harpies
  A necromancer (Vaults:2)
  3 phantasmal warriors
  8 ironbrand convokers
  45 deep elf magi
  16 orc knights
  4 oklob plants (Lair:1)
  2 orc sorcerers
  3 wolf spiders
  11 large abominations (Abyss:3)
  3 elephants (Lair:6)
  A moth of wrath (shapeshifter) (Vaults:1)
  2 salamanders (Volcano)
  A fire giant skeleton (Vaults:2)
  16 ugly things
  A manticore (D:12)
  Maurice (D:8)
  7 cyclopes
  A guardian serpent (shapeshifter) (D:14)
  2 black mambas (Lair:5)
  3 centaur zombies
  A smoke demon (Abyss:3)
  9 vault sentinels
  3 gargoyles
  2 kobold demonologists
  16 spiny frogs
  3 efreet
  12 komodo dragons
  12 yaktaurs
  A rime drake (Lair:6)
  10 freezing wraiths
  A meliai (shapeshifter) (Vaults:4)
  8 trolls
  2 ancient zymes (Abyss:3)
  A queen bee (D:8)
  14 hornets
  10 raiju (Abyss:3)
  A jumping spider (Vaults:3)
  A hornet (shapeshifter) (Vaults:3)
  4 polar bears (Lair:6)
  4 hippogriffs
  6 tyrant leeches
  8 blink frogs
  A blink frog (shapeshifter) (D:14)
  6 dream sheep
  A hippogriff (shapeshifter) (Vaults:3)
  An air elemental (Elf:2)
  8 bog bodies
  6 redbacks
  2 ynoxinuls (Abyss:3)
  2 spriggans
  17 yaks
  3 vampires
  A wraith (Vaults:4)
  6 fire bats
  2 shadows (Swamp:1)
  8 wyverns
  A wyvern (shapeshifter) (Vaults:2)
  7 fire elementals
  A neqoxec (Abyss:3)
  3 steam dragons
  A golden eye (Abyss:3)
  4 basilisks
  A water elemental (Elf:2)
  2 golden eyes (shapeshifter)
  A chaos spawn (Abyss:3)
  2 humans (shapeshifter)
  6 hungry ghosts
  22 vampire mosquitoes
  6 nagas (Lair:4)
  25 insubstantial wisps
  5 wargs
  A soldier ant (D:12)
  17 swamp worms
  2 acid dragons
  A hell hound (Elf:2)
  12 water moccasins
  5 porcupines
  A hornet zombie (D:12)
  30 orc warriors
  13 swamp drakes
  3 sky beasts
  3 black bears
  A black bear (shapeshifter) (Vaults:4)
  4 necrophages
  38 ogres
  2 boggarts (Elf:1)
  4 ice beasts
  A human zombie (Vaults:2)
  15 crocodiles
  10 wolves
  23 centaurs
  A tengu (shapeshifter) (D:14)
  4 big kobolds
  Blork the orc (Orc:2)
  14 bullfrogs
  A gnoll sergeant (D:8)
  2 earth elementals (Elf:2)
  A wyvern zombie (D:9)
  A water moccasin zombie (D:8)
  2 small abominations (Abyss:3)
  A scorpion (D:8)
  2 human simulacra (Vaults:1)
  19 killer bees
  8 wights
  An electric eel (Lair:3)
  4 howler monkeys
  3 crimson imps
  A bullfrog zombie (D:11)
  2 quasits
  8 hounds
  4 bullfrog skeletons
  Crazy Yiuf (D:4)
  16 orc priests
  7 jellies
  5 centaur skeletons
  An iguana (D:9)
  22 orc wizards
  9 worker ants
  2 killer bee zombies
  2 hound zombies
  A hound skeleton (D:11)
  Robin (D:2)
  A howler monkey skeleton (D:4)
  5 gnolls (D:8)
  14 adders
  3 river rats (D:5)
  2 shadow imps
  A white imp (Abyss:3)
  An ufetubus (Abyss:3)
  3 oozes
  10 worms
  2 dart slugs
  2 leopard geckos
  78 orcs
  6 ball pythons
  6 giant cockroaches
  9 hobgoblins
  13 jackals
  32 kobolds
  8 quokkas
  6 bats
  9 frilled lizards
  9 goblins
  14 rats
  2 lurking horrors (Abyss:3)
  4 plants (Sewer)
1261 creatures vanquished.

Vanquished Creatures (collateral kills)
  Nikola (Swamp:3)
  A bone dragon (Abyss:3)
  A tentacled monstrosity (Swamp:1)
  A tentacled starspawn (Abyss:3)
  A vault warden (Vaults:2)
  An ironheart preserver (Vaults:3)
  A purple draconian (WizLab)
  An ettin (Vaults:4)
  A minotaur (Lab)
  Snorg (Lair:3)
  A statue (WizLab)
  A fire dragon (Volcano)
  A great orb of eyes (shapeshifter) (Abyss:5)
  3 ogre magi
  2 yaktaur captains
  6 hydras
  10 two-headed ogres
  3 centaur warriors
  A merfolk avatar (Lair:6)
  A tengu warrior (D:15)
  A vampire mage (Vaults:3)
  A dancing weapon (Elf:2)
  A death drake (shapeshifter) (Vaults:2)
  3 orc knights
  A harpy (Vaults:3)
  5 ironbrand convokers
  2 wolf spider zombies
  A wolf spider (Vaults:2)
  3 orc sorcerers (Orc:2)
  3 deep elf magi
  A salamander (Volcano)
  2 ugly things
  2 manticores (Lair:6)
  3 elephants (Lair:6)
  A vault sentinel (Vaults:3)
  A black mamba (Lair:3)
  A guardian serpent (shapeshifter) (Abyss:5)
  2 spiny frogs
  A centaur skeleton (D:10)
  A rime drake (Lair:6)
  A freezing wraith (Vaults:3)
  2 yaktaurs
  2 trolls (Orc:2)
  A polar bear (Lair:6)
  A hornet (Swamp:1)
  A meliai zombie (D:12)
  5 blink frogs
  4 dream sheep
  5 hippogriffs
  3 slime creatures
  3 bog bodies
  2 raiju (Abyss:3)
  A redback (Vaults:2)
  A vampire (Vaults:3)
  2 spriggans (Swamp:1)
  2 wraiths
  Eustachio (D:6)
  6 yaks (Lair:5)
  2 wyverns (Lair:6)
  2 hungry ghosts
  2 chaos spawn (Abyss:3)
  5 vampire mosquitoes
  An insubstantial wisp (Swamp:1)
  A naga (Lair:4)
  A porcupine (Lair:2)
  2 water moccasins
  2 hell hounds (Elf:2)
  7 orc warriors
  A swamp drake (Swamp:1)
  A sky beast (D:6)
  A black bear (D:10)
  7 ogres
  2 wolves
  4 crocodiles
  A big kobold (D:14)
  2 bullfrogs (D:6)
  A human skeleton (Vaults:2)
  A scorpion (Lair:2)
  A killer bee (D:8)
  A crimson imp (D:12)
  An orc priest (Orc:1)
  3 orc wizards
  A worker ant (D:14)
  A small abomination (Abyss:3)
  An adder (D:4)
  A shadow imp (D:12)
  An ooze (Lair:6)
  A leopard gecko (D:6)
  8 orcs
  2 kobolds (D:14)
  A plant (Volcano)
187 creatures vanquished.

Vanquished Creatures (others)
  Aizul (Vaults:1)
  An alligator (Swamp:2)
  A deep elf knight (Elf:2)
  A shadow wraith (Vaults:4)
  A deep elf mage (Elf:2)
  A spiny frog (Swamp:3)
  A komodo dragon (Lair:6)
  2 wyverns (Volcano)
  A water moccasin (Lair:6)
  An ogre (Vaults:1)
  An orc priest (Vaults:2)
  An orc (Vaults:2)
  5 fungi
  20 plants
  8 starspawn tentacles (Abyss:3)
46 creatures vanquished.

Grand Total: 1494 creatures vanquished

Notes
Turn   | Place    | Note
-------+----------+-------------------------------------------
     0 | D:1      | grizmgrazm2 the Demonspawn Gladiator began the quest for the Orb.
     0 | D:1      | Reached XP level 1. HP: 16/16 MP: 1/1
   216 | D:1      | Gained mutation: You have a pair of small antennae on your head. [demonic ancestry]
   216 | D:1      | Reached XP level 2. HP: 22/22 MP: 2/2
  1140 | D:2      | Gained mutation: You are partially covered in sharp spines. [demonic ancestry]
  1140 | D:2      | Reached XP level 3. HP: 25/28 MP: 3/3
  1227 | D:2      | Reached skill level 1 in Armour
  1227 | D:2      | Gained mutation: A weak demonic guardian rushes to your aid. [demonic ancestry]
  1227 | D:2      | Reached XP level 4. HP: 29/34 MP: 4/4
  1311 | D:2      | Found a faded altar of an unknown god.
  1323 | D:2      | Found a glowing golden altar of the Shining One.
  1989 | D:2      | Noticed Robin
  2013 | D:2      | Killed Robin
  2163 | D:3      | Gained mutation: You have a pair of antennae on your head. [demonic ancestry]
  2163 | D:3      | Reached XP level 5. HP: 39/39 MP: 5/5
  2971 | D:4      | Noticed an ogre
  3316 | D:4      | Killed an ogre
  3316 | D:4      | Reached XP level 6. HP: 47/47 MP: 6/6
  3362 | D:4      | Reached skill level 5 in Polearms
  3373 | D:4      | Noticed a dagger
  3374 | D:4      | Noticed a dagger
  3489 | D:4      | Found a hide-covered altar of Uskayaw.
  3860 | D:4      | Found a runed door.
  3929 | D:4      | Reached XP level 7. HP: 52/52 MP: 7/7
  4135 | D:4      | Noticed Crazy Yiuf
  4139 | D:4      | Killed Crazy Yiuf
  4139 | D:4      | Reached skill level 1 in Shields
  4181 | D:5      | Entered Level 5 of the Dungeon
  4314 | D:5      | Found a shadowy altar of Dithmenos.
  4522 | D:5      | Found a glowing drain.
  4528 | Sewer    | Entered a sewer
  5498 | D:5      | Gained mutation: You have a pair of large antennae on your head. (SInv) [demonic ancestry]
  5498 | D:5      | Reached XP level 8. HP: 57/60 MP: 8/8
  5560 | D:5      | Found Neuganyi's Book Boutique.
  5618 | D:5      | Bought a book of Misfortune for 220 gold pieces
  5620 | D:5      | Learned a level 1 spell: Beastly Appendage
  5648 | D:5      | Found a stormy altar of Qazlal.
  5706 | D:5      | Became a worshipper of Qazlal Stormbringer
  5809 | D:6      | Reached skill level 1 in Spellcasting
  5809 | D:6      | Reached skill level 1 in Transmutations
  5840 | D:6      | Found Guqer's Armour Emporium.
  5873 | D:6      | Noticed Eustachio
  5890 | D:6      | Killed Eustachio
  5909 | D:6      | Reached * piety under Qazlal
  6267 | D:7      | Reached skill level 1 in Invocations
  6389 | D:7      | Noticed stickyfingers's ghost (journeyman OpSu)
  6538 | D:7      | Killed stickyfingers's ghost
  6538 | D:7      | Reached skill level 2 in Invocations
  6538 | D:7      | Reached XP level 9. HP: 57/66 MP: 10/12
  6753 | D:7      | Found a staircase to the Ecumenical Temple.
  7210 | D:7      | Found a glowing silver altar of Zin.
  7211 | D:7      | Found a hazy altar of Hepliaklqana.
  7279 | D:8      | Got a translucent dagger
  7280 | D:8      | Identified the cursed +1 dagger "Tuiwna Gosu" {venom, Str+3} (You found it on level 8 of the Dungeon)
  7375 | D:8      | Reached skill level 3 in Invocations
  7521 | D:8      | Noticed Maurice
  7603 | D:8      | Killed Maurice
  7603 | D:8      | Reached skill level 4 in Invocations
  7642 | D:8      | Reached skill level 5 in Fighting
  7671 | D:8      | Noticed a queen bee
  7684 | D:8      | Killed a queen bee
  7684 | D:8      | Reached XP level 10. HP: 36/74 MP: 15/15
  7771 | D:8      | Reached ** piety under Qazlal
  8071 | D:8      | Reached skill level 5 in Armour
  8319 | D:9      | Noticed a gargoyle
  8330 | D:9      | Killed a gargoyle
  8425 | D:9      | Got a pair of spiked boots
  8436 | D:9      | Identified the +0 pair of boots of Midwinter {Str+3 Dex+4} (You found it on level 9 of the Dungeon)
  8712 | D:9      | Found a staircase to the Lair.
  8724 | D:9      | Reached skill level 5 in Invocations
  9366 | D:10     | Entered Level 10 of the Dungeon
  9390 | D:10     | Reached *** piety under Qazlal
  9431 | D:10     | Reached skill level 6 in Invocations
  9615 | D:10     | Found a shimmering altar of Xom.
  9872 | D:10     | Noticed a gargoyle
  9880 | D:10     | Killed a gargoyle
  9882 | D:10     | Reached skill level 5 in Transmutations
 10027 | D:10     | Reached XP level 11. HP: 81/81 MP: 18/18
 10117 | D:11     | Noticed a white ugly thing
 10139 | D:10     | Killed a white ugly thing
 10356 | D:11     | Reached skill level 7 in Invocations
 10383 | D:11     | Reached **** piety under Qazlal
 10446 | D:11     | Noticed a two-headed ogre
 10457 | D:11     | Noticed an eight-headed hydra
 10491 | D:10     | Killed a two-headed ogre
 10491 | D:10     | Reached skill level 5 in Spellcasting
 10576 | D:11     | Killed an eight-headed hydra
 10621 | D:11     | Reached skill level 10 in Polearms
 10985 | D:11     | Noticed a two-headed ogre
 10996 | D:11     | Killed a two-headed ogre
 11109 | D:11     | Found a staircase to the Orcish Mines.
 11209 | Orc:1    | Entered Level 1 of the Orcish Mines
 11229 | Orc:1    | Reached skill level 5 in Shields
 11265 | Orc:1    | Noticed Urug
 11279 | Orc:1    | Noticed an orc sorcerer
 11285 | Orc:1    | Killed Urug
 11285 | Orc:1    | Reached skill level 8 in Invocations
 11293 | Orc:1    | Killed an orc sorcerer
 11542 | Orc:2    | Entered Level 2 of the Orcish Mines
 11563 | Orc:2    | Noticed a two-headed ogre
 11577 | Orc:2    | Killed a two-headed ogre
 11596 | Orc:2    | Gained mutation: A demonic guardian rushes to your aid. [demonic ancestry]
 11596 | Orc:2    | Reached XP level 12. HP: 65/89 MP: 20/20
 11743 | Orc:2    | Found a staircase to the Elven Halls.
 11818 | Orc:2    | Found a dark tunnel.
 11825 | Volcano  | Entered a volcano
 11830 | Volcano  | Reached ***** piety under Qazlal
 11988 | Volcano  | Noticed a two-headed ogre
 11992 | Volcano  | Killed a two-headed ogre
 12006 | Volcano  | Noticed a two-headed ogre
 12030 | Volcano  | Killed a two-headed ogre
 12065 | Volcano  | Reached skill level 9 in Invocations
 12068 | Volcano  | Noticed a fire dragon
 12082 | Volcano  | Killed a fire dragon
 12359 | Orc:2    | Noticed an orc high priest
 12386 | Orc:2    | Killed an orc high priest
 13166 | Orc:2    | Noticed an orc warlord
 13436 | Orc:1    | Killed an orc warlord
 13677 | Orc:2    | Noticed a stone giant
 13725 | Orc:2    | Killed a stone giant
 13992 | Orc:2    | Found a roughly hewn altar of Beogh.
 14169 | Orc:2    | Noticed Blork the orc
 14180 | Orc:2    | Reached skill level 10 in Invocations
 14185 | Orc:2    | Killed Blork the orc
 14711 | Orc:2    | Found a roughly hewn altar of Beogh.
 14746 | Orc:2    | Gained mutation: You are mostly covered in sharp spines. [demonic ancestry]
 14746 | Orc:2    | Reached XP level 13. HP: 96/96 MP: 22/22
 14842 | Orc:2    | Found Bis Buz's Antique Weapon Boutique.
 14893 | Orc:2    | Found Careytz's Book Boutique.
 14899 | Orc:2    | Bought Sif Muna's Papyrus of Ghastly Enhancements for 833 gold pieces
 14921 | Orc:2    | Found Lymawkam's General Store.
 14927 | Orc:2    | Bought a scroll of magic mapping for 42 gold pieces
 14927 | Orc:2    | Bought a scroll of vulnerability for 90 gold pieces
 14927 | Orc:2    | Bought a potion of ambrosia for 96 gold pieces
 14955 | Orc:2    | Found Ziunociade's Antique Armour Boutique.
 15183 | Lair:1   | Entered Level 1 of the Lair of Beasts
 16290 | Lair:2   | Found a labyrinth entrance.
 16350 | Lab      | Entered a labyrinth
 16541 | Lab      | Reached ****** piety under Qazlal
 16593 | Lab      | Noticed a minotaur
 16608 | Lab      | Killed a minotaur
 16621 | Lab      | Identified the Reference Book on Good Luck
 17300 | Lair:3   | Noticed Rupert
 17321 | Lair:3   | Killed Rupert
 17658 | Lair:3   | Noticed Snorg
 17666 | Lair:3   | Killed Snorg
 18236 | Lair:3   | Found a staircase to the Swamp.
 18487 | Lair:4   | Found the +9 sword of Zonguldrok {reap}
 18631 | Lair:4   | Found a staircase to the Snake Pit.
 19157 | Lair:5   | Reached skill level 1 in Long Blades
 19172 | Lair:5   | Reached XP level 14. HP: 65/108 MP: 23/23
 19329 | Lair:5   | Reached skill level 5 in Dodging
 19991 | Lair:6   | Entered Level 6 of the Lair of Beasts
 20064 | Lair:6   | Paralysed by a hornet for 2 turns
 20139 | Lair:6   | Reached skill level 5 in Long Blades
 20743 | Lair:6   | Found a staircase to the Slime Pits.
 20882 | Lair:6   | Found the +3 robe of Clouds {+Fly rElec}
 20891 | Lair:6   | Got a scorched crystal plate armour
 20902 | Lair:6   | Identified the +12 crystal plate armour of Ocosism {MR+ rCorr Str+4} (You found it on level 6 of the Lair of Beasts)
 21942 | D:12     | Found a shimmering altar of Xom.
 21943 | D:12     | Found a shimmering altar of Xom.
 21943 | D:12     | Found a shimmering altar of Xom.
 21944 | D:12     | Found a shimmering altar of Xom.
 21944 | D:12     | Found a shimmering altar of Xom.
 22175 | D:12     | Got a dazzling long sword
 22176 | D:12     | Identified the +7 long sword of Day {protect, *Slow rF++} (You found it on level 12 of the Dungeon)
 22199 | D:12     | Found a shimmering altar of Xom.
 22200 | D:12     | Found a shimmering altar of Xom.
 22200 | D:12     | Found a shimmering altar of Xom.
 22212 | D:12     | Noticed an entropy weaver
 22287 | D:12     | Noticed a storm dragon
 23182 | D:14     | Found a white marble altar of Elyvilon.
 23229 | D:14     | Reached skill level 11 in Invocations
 23237 | D:14     | Gained mutation: You are partially covered in thin metallic scales. (AC +2) [demonic ancestry]
 23237 | D:14     | Reached XP level 15. HP: 92/115 MP: 24/24
 23258 | D:14     | Reached skill level 10 in Fighting
 23497 | D:14     | Found a gate to the Vaults.
 23873 | D:15     | Entered Level 15 of the Dungeon
 23906 | D:15     | Reached skill level 10 in Shields
 24527 | D:15     | Found a staircase to the Depths.
 24787 | Orc:2    | Bought the +1 cloak of Starlight {rElec rC+ EV+4 Stlth--} for 1290 gold pieces
 24787 | Orc:2    | Found the +1 cloak of Starlight {rElec rC+ EV+4 Stlth--}
 25071 | Swamp:1  | Entered Level 1 of the Swamp
 25087 | Swamp:1  | Reached skill level 12 in Invocations
 25138 | Swamp:1  | Noticed a tentacled monstrosity
 25156 | Swamp:1  | Killed a tentacled monstrosity
 25387 | Swamp:1  | Found a transporter.
 25429 | Swamp:1  | Gained mutation: Your body sometimes deteriorates upon taking damage. [mutagenic glow]
 25440 | Swamp:1  | Found a transporter.
 25455 | Swamp:1  | Got an ancient amber ring
 25462 | Swamp:1  | Got a twitching amber ring
 25463 | Swamp:1  | Gained mutation: You are dopey. (Int -2) [mutagenic glow]
 25546 | Swamp:1  | Gained mutation: You are clumsy. (Dex -2) [mutagenic glow]
 25699 | Swamp:1  | Found a deep blue altar of Sif Muna.
 26455 | Swamp:2  | Paralysed by a hornet for 3 turns
 26514 | Swamp:2  | Reached XP level 16. HP: 93/124 MP: 25/25
 26516 | Swamp:2  | Identified the cursed ring "Qeisusaj" {*Corrode rPois Str-4 Int+8} (You found it on level 1 of the Swamp)
 26519 | Swamp:2  | Identified the ring "Huufom" {+Fly rC+ MR+ Str-4 SInv} (You found it on level 1 of the Swamp)
 26538 | Swamp:2  | Learned a level 2 spell: Blink
 26893 | Swamp:2  | Reached skill level 1 in Translocations
 27531 | Swamp:3  | Noticed Nikola
 27553 | Swamp:3  | Killed Nikola
 27711 | Swamp:3  | Reached skill level 13 in Invocations
 27963 | Swamp:4  | Entered Level 4 of the Swamp
 28078 | Swamp:4  | Noticed a thorn hunter
 28094 | Swamp:4  | Killed a thorn hunter
 28343 | Swamp:4  | Noticed the 27-headed Lernaean hydra
 28365 | Swamp:4  | Killed the 27-headed Lernaean hydra
 28692 | Swamp:4  | Got a decaying rune of Zot
 29486 | Vaults:1 | Entered Level 1 of the Vaults
 29609 | Vaults:1 | Reached skill level 10 in Armour
 29610 | Vaults:1 | Noticed Aizul
 29632 | Vaults:1 | Killed Aizul
 29695 | Vaults:1 | Gained mutation: You are mostly covered in thin metallic scales. (AC +3) [demonic ancestry]
 29695 | Vaults:1 | Reached XP level 17. HP: 85/133 MP: 27/27
 30277 | Vaults:1 | Reached skill level 14 in Invocations
 30303 | Vaults:1 | Reached skill level 5 in Translocations
 30712 | Vaults:1 | Reached skill level 15 in Polearms
 30890 | Vaults:1 | Found a flickering gateway to a bazaar.
 32454 | Vaults:2 | Reached skill level 15 in Invocations
 32550 | Vaults:2 | Reached XP level 18. HP: 127/142 MP: 29/29
 32887 | Vaults:2 | Found Rulon's Antique Weapon Shoppe.
 33276 | Vaults:3 | Found Metacw's Jewellery Shoppe.
 33362 | Vaults:3 | Bought an uncursed ring of poison resistance for 300 gold pieces
 34477 | Vaults:3 | Found a staircase to the Crypt.
 34525 | Vaults:3 | Found Firarrixy's Armour Shoppe.
 34793 | Vaults:4 | Learned a level 1 spell: Apportation
 35298 | Vaults:5 | Entered Level 5 of the Vaults
 35886 | Vaults:4 | Reached skill level 16 in Invocations
 36442 | Elf:1    | Entered Level 1 of the Elven Halls
 36554 | Elf:1    | Gained mutation: You are completely covered in thin metallic scales. (AC +4, rElec) [demonic ancestry]
 36554 | Elf:1    | Reached XP level 19. HP: 150/150 MP: 31/31
 37702 | Elf:2    | Found a portal to a secret trove of treasure.
 37897 | Elf:2    | Found a runed gate.
 37897 | Elf:2    | Found a runed gate.
 37897 | Elf:2    | Found a runed gate.
 38058 | Elf:2    | Noticed Azrael
 38099 | Elf:2    | Killed Azrael
 38801 | Elf:3    | Entered Level 3 of the Elven Halls
 38812 | Elf:3    | Found a magical portal.
 38821 | WizLab   | Entered Iskenderun's Mystic Tower
 40686 | WizLab   | Identified Iskenderun's Volume of Arcane Weapons
 40686 | WizLab   | Identified Iskenderun's Grimoire of Battle Magic
 40726 | WizLab   | Reached skill level 17 in Invocations
 40728 | WizLab   | Identified Pam Wicu's Grimoire of the Lethal Arsonist
 40837 | Elf:3    | Noticed Asterion
 40855 | Elf:3    | Noticed Jorgrun
 40861 | Elf:3    | Killed Asterion
 40871 | Elf:3    | Killed Jorgrun
 41181 | Elf:3    | Cast into level 3 of the Abyss (a deep elf demonologist)
 41199 | Abyss:3  | Found an opulent altar of Gozag.
 41289 | Abyss:3  | Gained mutation: Your body often deteriorates upon taking damage. [a neqoxec]
 41294 | Abyss:3  | Gained mutation: You do not regenerate when monsters are visible. [a neqoxec]
 41421 | Abyss:3  | Noticed a hellephant
 41439 | Abyss:3  | HP: 7/152 [large abomination (12)]
 41461 | Abyss:3  | HP: 6/152 [hellephant (3)]
 41471 | Abyss:3  | Killed a hellephant
 41471 | Abyss:3  | Gained mutation: Your flesh is heat resistant. (rF+) [demonic ancestry]
 41471 | Abyss:3  | Reached XP level 20. HP: 6/159 MP: 21/32
 41624 | Abyss:3  | Noticed a bone dragon
 41642 | Abyss:3  | Killed a bone dragon
 42021 | Abyss:5  | Entered Level 5 of the Abyss
 42046 | Abyss:5  | HP: 5/159 [guardian serpent (shapeshifter) (5)]
 42047 | Abyss:5  | Killed from afar by a crystal guardian

Vault maps used:
D:1:      lemuel_arrival_broad_hall
D:2:      tso_metal_star, chequers_ecumenical_altar_simple,
          kennysheep_generic_room_14, uniq_robin
D:4:      dancing_weapons_uskayaw, uniq_crazy_yiuf_cottage
D:5:      kennysheep_little_box, nicolae_dithmenos_shadow_blocks, first_ration,
          serial_shops, shop, lightli_sewer_entry_pipes
D:6:      serial_shops, shop, uniq_eustachio
D:7:      gammafunk_temple_overflow_statue, minmay_temple_entry_poolview
D:8:      david_nohive_1, eino_tiny_chamber, uniq_maurice
D:9:      david_lair_shrubbed
D:10:     basic_altar
D:11:     orc_0_dummy
D:12:     xom_shifter_show
D:13:     lemuel_flamethrower_3
D:14:     david_vaults_4, kennysheep_nub, basic_altar
D:15:     grunt_enter_depths_hoard, lemuel_blue_sif_altar
Lair:1:   minmay_lair_oklob_tunnel
Lair:2:   lab_entry_generic, grunt_forest_stairs_basic, patterned_corridor,
          grunt_megastairs_5
Lair:3:   nicolae_swamp_entry_splash_gauntlet, uniq_rupert, uniq_snorg
Lair:4:   minmay_snake_entry_guardpost_medium, minivault_27
Lair:5:   lemuel_fruit_fields, grunt_megastairs_3
Lair:6:   gammafunk_lair_ancient_temple, nicolae_slime_entry_slimehenge, pond
Swamp:1:  gammafunk_its_a_trap, nicolae_swamp_godswood, swamp_pool1,
          roderic_carrion_pond
Swamp:2:  evilmike_swamp_ruin_rubble_2
Swamp:3:  nicolae_swamp_very_dense_foliage, infiniplex_staircase_pool,
          uniq_nikola
Swamp:4:  swamp_old_school, swamp_pool1, infiniplex_staircase_pool_2
Orc:1:    uniq_urug
Orc:2:    grunt_orc_cross, basic_altar, enter_volcano_2
Elf:1:    hangedman_elf_disciples
Elf:2:    enter_trove_2, uniq_azrael
Elf:3:    grunt_elf_hall_spiral, infiniplex_enter_wizlab_water, uniq_jorgrun,
          uniq_asterion
Vaults:1: nicolae_vaults_network_star, nicolae_vaults_big_ls,
          vaults_dpeg_diagonal, v_misc_8, ontoclasm_vaults_twist,
          nicolae_vaults_network_square, nicolae_vaults_little_ls,
          vaults_room_fancy_cross, ontoclasm_vaults_gateway, v_misc_2,
          serial_shops, bzr_entry_customers, uniq_aizul
Vaults:2: nicolae_vaults_lopsided_apartments, v_alt_pattern_2, v_rooms_4,
          v_pattern_5, v_misc_24, hangedman_vaults_trim, v_misc_11,
          nicolae_vaults_ninety_degrees, serial_shops, shop
Vaults:3: hangedman_vaults_impose, minmay_crypt_entry_vampire_xt,
          nicolae_vaults_windows_and_doors_thing, hangedman_vaults_unwind,
          nicolae_vaults_little_squares_4, nicolae_vaults_what_the_h,
          v_alt_pattern_6, dpeg_vaults_monster_box, vaults_room_octagon,
          nicolae_vaults_asterisk, hangedman_vaults_slice,
          vaults_dpeg_encased_lava, serial_shops, shop
Vaults:4: v_misc_19, v_rooms_4, nicolae_vaults_little_squares_2,
          grunt_vaults_bifocal, ontoclasm_vaults_misaligned, vaults_room_boxed,
          ontoclasm_vaults_eye, v_misc_12, hangedman_vaults_capsules, v_misc_16
Abyss:3:  evilmike_abyss_exit_smiterflies, hangedman_abyss_shoalhut
Abyss:4:  due_evilmike_abyss_rune_seething_liches
Abyss:5:  due_exit_kobolds, hangedman_grunt_abyss_rune_horror_hoard,
          evilmike_abyss_exit_chaos
Lab:      nicolae_lab_dead_adventurers, nicolae_lab_arrow, nicolae_lab_hexagon
Sewer:    sewer_co_scattered_pipes
Volcano:  pf_volcano_lost_world
WizLab:   wizlab_iskenderun

Skill      XL: |  1  2  3  4  5  6  7  8  9 10 11 12 13 14 15 16 17 18 19 |
---------------+----------------------------------------------------------+-----
Throwing       | 2 |  2.2
Polearms       | 3 4 5 6 8 9 10 11 12 13 14 15 16 | 16.2
Dodging        | 3 4 5 |  5.2
Armour         | 1 2 3 4 5 6 7 8 9 10 11 | 11.6
Fighting       | 3 4 5 6 7 9 10 11 12 13 14 | 14.2
Shields        | 1 2 3 5 6 8 9 10 12 13 14 | 14.9
Spellcasting   | 2 3 4 5 6 |  6.0
Transmutations | 2 3 5 6 7 |  7.0
Invocations    | 2 4 6 8 10 11 12 13 15 16 17 | 17.5
Long Blades    | 1 5 |  5.6
Translocations | 4 6 8 9 |  9.7

Action                   |  1- 3 |  4- 6 |  7- 9 | 10-12 | 13-15 | 16-18 | 19-21 || total
-------------------------+-------+-------+-------+-------+-------+-------+-------++-------
Melee: Trident           |    73 |   204 |   666 |   713 |   928 |  1647 |   889 ||  5120
       Demon trident     |       |       |       |   216 |   336 |       |       ||   552
       Double sword      |       |       |       |       |   118 |       |       ||   118
Throw: Throwing net      |       |       |     3 |       |       |       |       ||     3
Invok: Upheaval          |       |       |       |       |       |    23 |    26 ||    49
       Disaster Area     |       |       |       |       |       |     6 |     4 ||    10
Evoke: Wand              |       |       |       |       |     1 |       |     1 ||     2
  Use: Scroll            |     1 |     7 |    15 |     7 |    14 |     9 |     4 ||    57
       Potion            |       |       |     8 |    10 |     7 |     7 |    15 ||    47
 Stab: Sleeping          |     1 |       |       |       |       |       |       ||     1
       Distracted        |       |       |     4 |    12 |    10 |     4 |     6 ||    36
       Held in net/web   |       |       |     2 |       |       |       |       ||     2
  Eat: Chunk             |     1 |     8 |    11 |    25 |    24 |    12 |     7 ||    88
       Ration            |       |       |     1 |       |     5 |     7 |     3 ||    16
Armor: Leather armour    |     8 |       |       |       |       |       |       ||     8
       Ring mail         |    15 |    16 |       |       |       |       |       ||    31
       Chain mail        |       |    59 |   161 |    28 |       |       |       ||   248
       Plate armour      |       |       |       |   130 |       |       |       ||   130
       Fire dragon scale |       |       |       |    17 |   107 |       |       ||   124
       Crystal plate arm |       |       |       |       |   200 |   459 |   233 ||   892
Dodge: Dodged            |    33 |    47 |   117 |   272 |   356 |   305 |   133 ||  1263
       Deflected         |       |       |       |    12 |    29 |    27 |    17 ||    85
Block: Buckler           |       |    12 |   113 |   355 |   646 |   780 |   366 ||  2272
       Rpst.: Double sword |       |       |       |       |    23 |       |       ||    23

Table legend:
 A = Spawn XP
 B = Non-spawn XP
 C = Spawn XP percentage of total XP
 D = Spawn monster count
 E = Non-spawn monster count
 F = Spawn count percentage of total count
 G = Total turns spent on level
                    A         B        C        D         E        F      G
               +---------+---------+-------+---------+---------+-------+---------
         Total |   18361 |  472280 |   3.7 |      43 |    1404 |   3.0 | 42047
               +---------+---------+-------+---------+---------+-------+---------
           D:1 |       0 |      26 |   0.0 |       0 |      14 |   0.0 |   998
           D:2 |       0 |     158 |   0.0 |       0 |      39 |   0.0 |  1142
           D:3 |       0 |     156 |   0.0 |       0 |      31 |   0.0 |  1105
           D:4 |       0 |     575 |   0.0 |       0 |      20 |   0.0 |   936
           D:5 |       0 |     533 |   0.0 |       0 |      26 |   0.0 |   686
           D:6 |       0 |     879 |   0.0 |       0 |      23 |   0.0 |   528
           D:7 |       0 |    1280 |   0.0 |       0 |       7 |   0.0 |  1003
           D:8 |       0 |    2814 |   0.0 |       0 |      43 |   0.0 |   977
           D:9 |       0 |    2038 |   0.0 |       0 |      30 |   0.0 |  1289
          D:10 |       0 |    4217 |   0.0 |       0 |      31 |   0.0 |  1113
          D:11 |       0 |    6000 |   0.0 |       0 |      43 |   0.0 |  1002
          D:12 |       0 |    6257 |   0.0 |       0 |      34 |   0.0 |   994
          D:13 |       0 |    3882 |   0.0 |       0 |      15 |   0.0 |   630
          D:14 |       0 |   16822 |   0.0 |       0 |      44 |   0.0 |  1058
          D:15 |       0 |   18758 |   0.0 |       0 |      47 |   0.0 |   783
        Lair:1 |       0 |    5322 |   0.0 |       0 |      18 |   0.0 |  1196
        Lair:2 |       0 |    4489 |   0.0 |       0 |      17 |   0.0 |  1189
        Lair:3 |       0 |    5015 |   0.0 |       0 |       9 |   0.0 |   881
        Lair:4 |       0 |    4638 |   0.0 |       0 |      17 |   0.0 |   859
        Lair:5 |       0 |    9788 |   0.0 |       0 |      48 |   0.0 |   903
        Lair:6 |       0 |   15744 |   0.0 |       0 |      65 |   0.0 |  1188
       Swamp:1 |       0 |   15589 |   0.0 |       0 |      53 |   0.0 |  1321
       Swamp:2 |       0 |   15756 |   0.0 |       0 |      49 |   0.0 |   958
       Swamp:3 |       0 |   10725 |   0.0 |       0 |      21 |   0.0 |   555
       Swamp:4 |       0 |   27103 |   0.0 |       0 |      47 |   0.0 |  1167
         Orc:1 |       0 |    3879 |   0.0 |       0 |      14 |   0.0 |  1128
         Orc:2 |       0 |    9362 |   0.0 |       0 |      86 |   0.0 |  2427
         Elf:1 |       0 |   21509 |   0.0 |       0 |      33 |   0.0 |  1109
         Elf:2 |       0 |   39303 |   0.0 |       0 |      67 |   0.0 |  1547
         Elf:3 |       0 |    6814 |   0.0 |       0 |       4 |   0.0 |    92
      Vaults:1 |       0 |   47648 |   0.0 |       0 |      91 |   0.0 |  2302
      Vaults:2 |       0 |   43908 |   0.0 |       0 |      93 |   0.0 |  1492
      Vaults:3 |       0 |   48755 |   0.0 |       0 |      76 |   0.0 |  1768
      Vaults:4 |       0 |   26869 |   0.0 |       0 |      52 |   0.0 |  1246
      Vaults:5 |       0 |    2901 |   0.0 |       0 |       3 |   0.0 |     3
       Abyss:3 |   18361 |    2738 |  87.0 |      43 |       8 |  84.3 |   833
       Abyss:5 |       0 |    1141 |   0.0 |       0 |       2 |   0.0 |    26
           Lab |       0 |    1520 |   0.0 |       0 |       5 |   0.0 |   278
         Sewer |       0 |      66 |   0.0 |       0 |      21 |   0.0 |   858
       Volcano |       0 |    6571 |   0.0 |       0 |      25 |   0.0 |   479
        WizLab |       0 |   30732 |   0.0 |       0 |      33 |   0.0 |  1991
               +---------+---------+-------+---------+---------+-------+---------
